 Dungeon Crawl Stone Soup version 0.18.1-48-g4cf74bf (webtiles) character file.

6688 Hercules the Nimble (level 11, -11/87 HPs)
             Began as a Human Hunter on July 6, 2016.
             Was a Priest of Okawaru.
             Mangled by an orc warrior
             ... wielding a +0 dire flail
              (12 damage)
             ... on level 9 of the Dungeon.
             The game lasted 00:29:31 (9956 turns).

Hercules the Nimble (Human Hunter)                  Turns: 9956, Time: 00:29:33

Health: -11/87     AC: 14    Str: 14 (15) XL:     11   Next: 23%
Magic:  13/14      EV: 18    Int: 12 (13) God:    Okawaru [***...]
Gold:   213        SH:  0    Dex: 20      Spells: 0 memorised, 10 levels left

rFire  + + +     SeeInvis .     b - +9 spear "Enur" {freeze, rF+ rC+ Dex+5}
rCold  + . .     Gourm    .     s - +8 ring mail of Lilacs {rN+ rCorr}
rNeg   + + .     Faith    .     (no shield)
rPois  +         Spirit   .     p - +2 hat
rElec  .         Dismiss  .     (no cloak)
rCorr  +         Reflect  .     (no gloves)
SustAt .         Harm     .     (no boots)
MR     .....     Rnd*Rage +     (no amulet)
Stlth  +.........               i - ring of positive energy
                                E - ring of protection from fire

@: not resistant to hostile enchantments, very unstealthy
A: hooves 1, agile 1, berserk 1, blurry vision 1, deformed body, deterioration
1, fire resistance 1, sense surroundings 1, poison resistance
a: Heroism, Renounce Religion


You were on level 9 of the Dungeon.
You worshipped Okawaru.
Okawaru was most pleased with you.
You were not hungry.

You visited 2 branches of the dungeon, and saw 10 of its levels.
You also visited: Sewer.

You collected 453 gold pieces.
You spent 240 gold pieces at shops.

Inventory:

Hand Weapons
 a - a +1 shortbow
 b - the +9 spear "Enur" (weapon) {freeze, rF+ rC+ Dex+5}
   (You bought it in a shop on level 6 of the Dungeon)

   It has been specially enchanted to freeze those struck by it, causing extra
   injury to most foes and up to half again as much damage against particularly
   susceptible opponents.
   It can also slow down cold-blooded creatures.
   It affects your dexterity (+5).
   It protects you from fire.
   It protects you from cold.
 e - a +1 lajatang
 C - a +0 whip of electrocution
Missiles
 d - 12 arrows
Armour
 p - a +2 hat (worn)
 s - the +8 ring mail of Lilacs (worn) {rN+ rCorr}
   (You found it on level 4 of the Dungeon)

   It protects you from negative energy.
   It protects you from acid and corrosion.
Jewellery
 i - a ring of positive energy (right hand)
 E - a ring of protection from fire (left hand)
Wands
 t - a wand of random effects (40/48)
 B - a wand of disintegration (2/24)
 D - a wand of disintegration (10/24)
 G - a wand of random effects (21/48)
Scrolls
 c - 5 scrolls of blinking
 g - 2 scrolls of magic mapping
 h - 4 scrolls of remove curse
 j - 2 scrolls of fog
 l - 2 scrolls of fear
 r - 4 scrolls of identify
 y - a scroll of enchant weapon
 z - a scroll of enchant armour
Potions
 k - a potion of brilliance
 n - a potion of heal wounds
 o - 3 potions of flight
 q - a potion of curing
 u - a potion of resistance
 F - a potion of cancellation
Books
 f - a book of Geomancy

   Spells                             Type                      Level
   a - Sandblast                      Earth                        1
   b - Passwall                       Transmutation/Earth          2
   c - Stone Arrow                    Conjuration/Earth            3
   d - Petrify                        Transmutation/Earth          4
   e - Lee's Rapid Deconstruction     Earth                        5
 m - a book of Battle

   Spells                             Type                      Level
   a - Infusion                       Charms                       1
   b - Shroud of Golubria             Charms/Translocation         2
   c - Song of Slaying                Charms                       2
   d - Spectral Weapon                Hexes/Charms                 3
   e - Regeneration                   Charms/Necromancy            3
 H - a book of Spatial Translocations

   Spells                             Type                      Level
   a - Apportation                    Translocation                1
   b - Blink                          Translocation                2
   c - Shroud of Golubria             Charms/Translocation         2
   d - Portal Projectile              Translocation                3
   e - Teleport Other                 Translocation                3
   f - Passage of Golubria            Translocation                4
Miscellaneous
 I - a box of beasts
Comestibles
 v - 7 royal jellies
 w - a meat ration
 x - a bread ration
 A - a beef jerky
 J - a fruit


   Skills:
 + Level 8.3 Fighting
 - Level 8.1 Bows
 - Level 7.0 Armour
 + Level 9.7 Dodging
 - Level 1.0 Stealth
 + Level 4.4 Invocations


You had 10 spell levels left.
You didn't know any spells.

Dungeon Overview and Level Annotations

Branches:
Dungeon (9/15)             Temple (1/1) D:5
   Lair: D:8-11         Orc: D:9-12

Altars:
Ashenzari
Cheibriados
Dithmenos
Elyvilon
Fedhas
Gozag
Kikubaaqudgha
Makhleb
Nemelex Xobeh
Okawaru
Pakellas
Ru
Sif Muna
Trog
Vehumet
Xom
Yredelemnul
Zin
The Shining One

Shops:
D:6 (}


Innate Abilities, Weirdness & Mutations

You have large cloven feet.
You are agile. (Dex +2)
You tend to lose your temper in combat.
Scrolls take you a little longer to read.
Armour fits poorly on your strangely shaped body.
Your body sometimes deteriorates upon taking damage.
Your flesh is heat resistant.
You passively map a small area around you.
Your system is resistant to poisons.


Message History

The orc warrior is almost dead.
The orc warrior misses you.
Unknown command.
You hit the orc warrior but do no damage.
Your kick misses the orc warrior.
The orc warrior is almost dead.
The orc warrior hits you with a dire flail!
* * * LOW HITPOINT WARNING * * *
Your body deteriorates!
You feel weakened.
Unknown command.
Read which item? (? for menu, Esc to quit)
Really read with blurry vision while enemies are nearby?
The orc warrior hits you with a hand axe!
* * * LOW HITPOINT WARNING * * *
The orc warrior barely misses you.
You begin reading the scroll.
You continue reading the scroll.
You feel like a meek peon again. The orc warrior misses you.
The orc warrior barely misses you.
The orc warrior hits you with a dire flail!
You die...

#..P...+ #P.P.
#...P.P####.P$.
#......P.P.....
#.#...P...PPP..
##o#........P...
##ooo#..P.P.††...
##oo#........†....
##oo###o..........<
* #o@##
#.o..........
*####*#......%......
* #o............ * ,
, ,o8..##.........
ooo..###........ ,,
** ,.⌠oo8.##
###...... , .ooo#.
####... * .o.o#o
####


You could see 4 orc warriors, an orc wizard and 4 orcs.

Vanquished Creatures
  Erica (D:8)
  The ghost of Gargoyl the Covered, a novice DsAK of Lugonu (D:6)
  A queen bee (D:8)
  Grinder (D:6)
  Eustachio (D:6)
  2 hippogriffs (D:8)
  3 hungry ghosts
  A hell hound (D:7)
  A wasp (D:8)
  2 sky beasts
  2 phantoms
  3 orc warriors
  An ice beast (D:6)
  4 ogres
  A necrophage (D:8)
  3 big kobolds
  4 giant frogs
  14 killer bees (D:8)
  A scorpion (D:6)
  5 wights (D:7)
  3 howler monkeys
  3 jellies
  4 crimson imps
  3 giant frog zombies
  6 hounds
  9 orc wizards
  3 centaur skeletons
  A giant frog skeleton (D:7)
  4 orc priests
  2 iguanas
  7 worker ants
  2 killer bee zombies
  A hound zombie (D:6)
  A hound skeleton (D:4)
  14 adders
  5 river rats
  4 oozes
  3 worms
  4 giant geckos
  28 orcs
  2 ball pythons (Sewer)
  10 bats
  8 giant cockroaches
  5 hobgoblins
  3 jackals (D:2)
  3 quokkas
  A giant cockroach zombie (D:5)
  7 giant newts
  4 goblins
  16 kobolds
  16 rats
  A plant (D:1)
235 creatures vanquished.

Notes
Turn   | Place    | Note
--------------------------------------------------------------
     0 | D:1      | Hercules the Human Hunter began the quest for the Orb.
     0 | D:1      | Reached XP level 1. HP: 16/16 MP: 1/1
   141 | D:1      | Reached XP level 2. HP: 13/22 MP: 2/2
   641 | D:1      | Reached XP level 3. HP: 5/28 MP: 3/3
  1231 | D:2      | Found a sparkling altar of Nemelex Xobeh.
  1398 | D:2      | Reached XP level 4. HP: 34/34 MP: 4/4
  1532 | D:2      | Found a bloodstained altar of Trog.
  1869 | D:3      | Reached skill level 5 in Bows
  1869 | D:3      | Reached skill level 3 in Dodging
  1869 | D:3      | Reached XP level 5. HP: 32/41 MP: 5/5
  1945 | D:3      | Found a glowing drain.
  1967 | Sewer    | Entered a sewer
  2200 | Sewer    | Gained mutation: Your flesh is heat resistant. [potion of mutation]
  2200 | Sewer    | Gained mutation: You have large cloven feet. [potion of mutation]
  2200 | Sewer    | Gained mutation: Your system is resistant to poisons. [potion of mutation]
  2214 | Sewer    | Noticed a big kobold
  2233 | Sewer    | Killed a big kobold
  2233 | Sewer    | Reached XP level 6. HP: 29/47 MP: 6/6
  2362 | Sewer    | Reached skill level 4 in Dodging
  3163 | D:3      | Found a shadowy altar of Dithmenos.
  3774 | D:4      | Got a bloodstained ring mail
  3785 | D:4      | Identified the +8 ring mail of Lilacs {rN+ rCorr} (You found it on level 4 of the Dungeon)
  3817 | D:4      | Reached XP level 7. HP: 48/52 MP: 7/7
  3849 | D:4      | Reached skill level 1 in Armour
  4076 | D:4      | Reached skill level 5 in Dodging
  4283 | D:4      | Found a sacrificial altar of Ru.
  4680 | D:5      | Entered Level 5 of the Dungeon
  4695 | D:5      | Reached XP level 8. HP: 52/58 MP: 8/8
  5294 | D:5      | Found a basalt altar of Yredelemnul.
  5637 | D:6      | Found Ryemir's Quality Used Wands.
  5768 | D:6      | Reached skill level 6 in Dodging
  5771 | D:6      | Noticed Eustachio
  5982 | D:7      | Reached XP level 9. HP: 47/65 MP: 9/9
  6129 | D:6      | Killed Eustachio
  6151 | D:6      | Noticed Grinder
  6157 | D:6      | Paralysed by Grinder for 4 turns
  6182 | D:6      | Killed Grinder
  6182 | D:6      | Reached skill level 5 in Fighting
  6182 | D:6      | Reached skill level 7 in Dodging
  6338 | D:6      | Found Hosac's Antique Weapon Shop.
  6343 | D:6      | Bought a warped spear for 240 gold pieces
  6343 | D:6      | Identified the +9 spear "Enur" {freeze, rF+ rC+ Dex+5} (You bought it in a shop on level 6 of the Dungeon)
  6382 | D:6      | Noticed Gargoyl's ghost (novice DsAK)
  6409 | D:6      | Killed Gargoyl's ghost
  6724 | D:5      | Found a staircase to the Ecumenical Temple.
  6733 | Temple   | Entered the Ecumenical Temple
  6740 | Temple   | Became a worshipper of Warmaster Okawaru
  7004 | D:6      | Found a shimmering altar of Xom.
  7016 | D:6      | Found a glowing silver altar of Zin.
  7085 | D:6      | Reached skill level 5 in Armour
  7115 | D:6      | Found a shattered altar of Ashenzari.
  7178 | D:6      | Reached skill level 8 in Dodging
  7178 | D:6      | Reached XP level 10. HP: 70/76 MP: 10/10
  7501 | D:6      | Found an oddly glowing altar of Pakellas.
  7515 | D:6      | Found a radiant altar of Vehumet.
  7732 | D:7      | Reached * piety under Okawaru
  7761 | D:7      | Gained mutation: You are agile. (Dex +2) [mutagenic meat]
  7762 | D:7      | Gained mutation: Scrolls take you a little longer to read. [mutagenic meat]
  7763 | D:7      | Gained mutation: You passively map a small area around you. [mutagenic meat]
  7764 | D:7      | Gained mutation: Armour fits poorly on your strangely shaped body. [mutagenic meat]
  7765 | D:7      | Gained mutation: You tend to lose your temper in combat. [mutagenic meat]
  7766 | D:7      | Gained mutation: Your body sometimes deteriorates upon taking damage. [mutagenic meat]
  8421 | D:7      | Reached ** piety under Okawaru
  8747 | D:8      | Reached skill level 1 in Invocations
  8749 | D:8      | Reached skill level 9 in Dodging
  9349 | D:8      | Reached XP level 11. HP: 80/85 MP: 13/13
  9440 | D:8      | Reached *** piety under Okawaru
  9515 | D:8      | Noticed Erica
  9524 | D:8      | Killed Erica
  9672 | D:8      | Found a deep blue altar of Sif Muna.
  9955 | D:9      | HP: 1/87 [orc warrior/hand axe (9)]
  9956 | D:9      | Mangled by an orc warrior

Skill      XL: |  1  2  3  4  5  6  7  8  9 10 11 |
---------------+----------------------------------+-----
Fighting       | 3 4 6 7 8 |  8.3
Bows           | 5 6 7 8 |  8.1
Dodging        | 3 4 5 6 8 9 |  9.7
Armour         | 2 3 5 7 |  7.0
Invocations    | 2 4 |  4.4
Stealth        | |  1.0

Action                   |  1- 3 |  4- 6 |  7- 9 | 10-12 || total
-------------------------+-------+-------+-------+-------++-------
Melee: Hand axe          |   172 |       |       |       ||   172
       Short sword       |     8 |       |       |       ||     8
       Lajatang          |     7 |   271 |   376 |       ||   654
       Kick              |       |    17 |   102 |   109 ||   228
       Spear             |       |       |    59 |   391 ||   450
       Punch             |       |       |       |     1 ||     1
 Fire: Shortbow          |     3 |       |    45 |       ||    48
Invok: Heroism           |       |       |       |     1 ||     1
Evoke: Wand              |       |       |     5 |       ||     5
  Use: Potion            |     4 |     1 |     7 |     1 ||    13
       Scroll            |       |    14 |     8 |       ||    22
 Stab: Sleeping          |       |       |       |     1 ||     1
  Eat: Chunk             |     3 |     4 |    13 |    21 ||    41
       Meat ration       |       |     1 |       |       ||     1
       Bread ration      |       |       |     2 |       ||     2
       Beef jerky        |       |       |     2 |       ||     2
Armor: Ring mail         |    52 |   156 |   316 |   144 ||   668
Dodge: Dodged            |   106 |   236 |   436 |   410 ||  1188
